 Dungeon Crawl Stone Soup version 0.29.1-1-gd02db6906a (webtiles) character file.

Game seed: 14392544115796642089

191 Acheron the Sneak (level 5, -6/40 HPs)
             Began as a Minotaur Enchanter on Sept 24, 2022.
             Killed by divine providence
             ... invoked by an orc priest
              (16 damage)
             ... on level 4 of the Dungeon.
             The game lasted 00:12:16 (2773 turns).

Acheron the Sneak (Minotaur Enchanter)              Turns: 2773, Time: 00:12:17

Health: -6/40      AC:  3    Str: 13    XL:     5   Next: 41%
Magic:  6/6        EV: 12    Int: 12    God:
Gold:   89         SH:  0    Dex: 12    Spells: 3/7 levels left

rFire   . . .      SeeInvis .   m - +0 short sword (holy)
rCold   + . .      Faith    .   (no shield)
rNeg    . . .      Spirit   .   b - +0 robe
rPois   .          Reflect  .   (helmet restricted)
rElec   .          Harm     .   (no cloak)
rCorr   .          Rampage  .   d - +0 pair of gloves
Will    .....                   (no boots)
Stlth   ++........              (no amulet)
HPRegen 0.13/turn               q - ring of protection from cold
MPRegen 0.10/turn               (no ring)

@: no status effects
A: horns 2, retaliatory headbutt
a: no special abilities


You were on level 4 of the Dungeon.
You visited 1 branch of the dungeon, and saw 4 of its levels.

You collected 149 gold pieces.
You spent 60 gold pieces at shops.

Inventory:

Hand Weapons
 m - a +0 short sword of holy wrath (weapon)
Missiles
 f - 4 boomerangs (quivered)
Armour
 b - a +0 robe (worn)
 d - a +0 pair of gloves (worn)
 e - a +0 ring mail
Jewellery
 a - an amulet of magic regeneration
 q - a ring of protection from cold (left hand)
Wands
 o - a wand of iceblast (10)
Scrolls
 n - 2 scrolls of identify
 r - 2 scrolls of magic mapping
Potions
 c - 3 potions of invisibility
 g - a potion of flight
 h - a potion of degeneration {unknown}
 i - a potion of haste
 j - a potion of heal wounds
 k - 2 potions of mutation
 l - a potion of might


   Skills:
 * Level 1.4 Fighting
 + Level 2.2 Short Blades
 * Level 0.3 Throwing
 * Level 3.1 Dodging
 * Level 3.4 Stealth
 * Level 1.8 Spellcasting
 + Level 2.2 Hexes
 * Level 0.4 Transmutations
 * Level 0.9 Earth Magic
 * Level 0.3 Evocations


You had 3 spell levels left.
You knew the following spells:

 Your Spells              Type           Power      Damage    Failure   Level
a - Passwall              Tmut/Erth      1%         N/A       32%         2
b - Ensorcelled Hibernat  Hex/Ice        6%         N/A       26%         2

Your spell library contained the following spells:

 Spells                   Type           Power      Damage    Failure   Level
 Confusing Touch          Hex            6%         N/A       32%         3
 Tukima's Dance           Hex            6%         N/A       32%         3
 Dazzling Flash           Conj/Hex       6%         N/A       45%         3
 Swiftness                Air            1%         N/A       63%         3


Dungeon Overview and Level Annotations

Branches:
Dungeon (4/15)
 Temple: D:4-7

Altars:

Shops:
D:1 (   D:3 *


Innate Abilities, Weirdness & Mutations

You have a pair of horns on your head.
You reflexively headbutt those who attack you in melee.


Message History

You hit the hobgoblin.
The hobgoblin is almost dead.
The hobgoblin hits you.
You closely miss the hobgoblin. Your headbutt misses the hobgoblin.
The hobgoblin is almost dead.
The hobgoblin hits you but does no damage.
You hit the hobgoblin.
You kill the hobgoblin!
You hit the orc but do no damage. The orc barely misses you.
You barely miss the orc. The orc hits you with a +0 mace.
You hit the orc.
The orc is moderately wounded.
The orc barely misses you.
You hit the orc.
You kill the orc!
You barely miss the orc priest.
You headbutt the orc priest, but do no damage.
The orc priest barely misses you.
You hit the orc priest but do no damage.
You headbutt the orc priest!
The orc priest is heavily wounded.
The orc priest looks encouraged for a moment.
You hit the orc priest but do no damage.
The orc priest is heavily wounded.
The orc priest begins to cast a cantrip, but forgets the words!
You hit the orc priest.
You headbutt the orc priest, but do no damage.
The orc priest is severely wounded.
The orc priest hits you with a +0 flail.
* * * LOW HITPOINT WARNING * * *
You hit the orc priest but do no damage.
Your headbutt misses the orc priest.
The orc priest is severely wounded.
You hit the orc.
The orc is lightly wounded.
You barely miss the orc. You headbutt the orc.
The orc is almost dead.
The orc priest calls down the wrath of Beogh upon you.
Beogh smites you!
You die...

..<.....##.#
#...##..#
.)..###.##.#
#.......# ......
#.# #.#....#.##
.....B.? #.#
.........#
....###.##.#
.###.....# ..K.#
##.###.#...#...#
....#
#....(.#.......#
....#
#..#########.#.#
#.......@oo..#.#
#.########S###.#
#.# #..#.......#
#.###..#.#.#####
#......#.#.#
#####<## #.#
#........
#....#..# #.##.#


You could see an orc priest, an orc and a ball python.

Vanquished Creatures
  3 hounds
  Robin (D:3)
  3 adders
  A dart slug (D:3)
  2 orcs (D:4)
  An endoplasm (D:3)
  A giant cockroach (D:3)
  12 hobgoblins
  3 jackals (D:2)
  A quokka (D:1)
  4 ball pythons
  3 bats
  2 frilled lizards
  14 goblins
  5 kobolds
56 creatures vanquished.

Notes
Turn   | Place    | Note
-------+----------+-------------------------------------------
     0 | D:1      | Acheron the Minotaur Enchanter began the quest for the Orb.
     0 | D:1      | Reached XP level 1. HP: 14/14 MP: 1/1
   454 | D:1      | Found Ylaudoag's Weapon Boutique.
   518 | D:1      | Reached XP level 2. HP: 20/20 MP: 3/3
   521 | D:1      | Learned a level 2 spell: Passwall
  1178 | D:2      | Reached XP level 3. HP: 26/27 MP: 4/4
  1209 | D:2      | Reached skill level 1 in Fighting
  1243 | D:2      | Reached XP level 4. HP: 35/35 MP: 5/5
  1458 | D:3      | Learned a level 2 spell: Ensorcelled Hibernation
  1466 | D:3      | Found Tufyl's General Store.
  1618 | D:3      | Bought a potion of heal wounds for 60 gold pieces
  2119 | D:3      | Noticed Robin
  2210 | D:3      | Reached XP level 5. HP: 40/40 MP: 6/6
  2261 | D:3      | Killed Robin
  2773 | D:4      | Killed from afar by an orc priest

Illustrated notes

Levels and vault maps discovered:
D:1:      amcnicky_arrival_wind_blow, layout_basic, serial_shops, shop,
          moated_statue
D:2:      layout_basic, minmay_misc_feat_room
D:3:      layout_loops_corners, serial_shops, nicolae_shop_waterfront,
          uniq_robin
D:4:      layout_basic, portal_sewer_entry_e, serial_park_tiny_pond,
          uniq_blork_the_orc, uniq_crazy_yiuf_cottage, uniq_grinder

Skill      XL: |  1  2  3  4  5 |
---------------+----------------+-----
Stealth        | 3 |  3.4
Fighting       | 1 |  1.4
Dodging        | 3 |  3.1
Short Blades   | 2 |  2.2
Throwing       | |  0.3
Spellcasting   | |  1.8
Hexes          | |  2.2
Transmutations | |  0.4
Earth Magic    | |  0.9
Evocations     | |  0.3

Action                   |  1- 3 |  4- 6 || total
-------------------------+-------+-------++-------
Melee: Dagger            |    62 |     4 ||    66
       Headbutt          |     7 |    16 ||    23
       Short sword       |       |    86 ||    86
       Punch             |       |     3 ||     3
  Use: Scroll            |     7 |     3 ||    10
       Potion            |       |     2 ||     2
 Stab: Sleeping          |     2 |     4 ||     6
Armor: Robe              |     5 |    22 ||    27
Dodge: Dodged            |    44 |    51 ||    95
